 Dungeon Crawl Stone Soup version 0.25-a0-829-g4e6a552925 (webtiles) character file.

Game seed: 5012604711635310479, levelgen mode: deterministic

322 kae the Conjurer (level 6, -2/32 HPs)
             Began as a Tengu Air Elementalist on Apr 21, 2020.
             Slain by a phantom (4 damage)
             ... on level 4 of the Dungeon.
             The game lasted 00:03:14 (4642 turns).

kae the Conjurer (Tengu Air Elementalist)           Turns: 4642, Time: 00:03:15

Health: -2/32      AC:  2    Str:  9    XL:     6   Next: 47%
Magic:  12/12      EV: 15    Int: 17    God:
Gold:   249        SH:  0    Dex: 19    Spells: 3/11 levels left

rFire    . . .     SeeInvis .   f - +1 hand axe
rCold    . . .     Gourm    .   (no shield)
rNeg     . . .     Faith    .   a - +0 robe
rPois    .         Spirit   .   (helmet restricted)
rElec    .         Reflect  .   (no cloak)
rCorr    .         Harm     .   (no gloves)
MR       .....                  (boots unavailable)
Stlth    +.........             (no amulet)
HPRegen  0.10/turn              e - ring of attention (curse)
MPRegen  0.13/turn              j - +5 ring of dexterity

@: lethally poisoned (-2 -> -4), about to teleport, flying quickly and
evasively, quick
A: beak, talons 3, able to fly
a: Stop Flying


You were on level 4 of the Dungeon.
You were very hungry.

You visited 1 branch of the dungeon, and saw 4 of its levels.

You collected 249 gold pieces.

Inventory:

Hand Weapons
 f - a +1 hand axe (weapon)
Armour
 a - a +0 robe (worn)
Jewellery
 d - an uncursed amulet of the acrobat
 e - a cursed ring of attention (left hand)
 g - an uncursed ring of stealth
 i - a +3 ring of evasion
 j - a +5 ring of dexterity (right hand)
 k - a +4 ring of strength {unknown}
Scrolls
 b - a scroll of fear
 h - a scroll of teleportation
 n - a scroll of remove curse


   Skills:
 - Level 2.1 Dodging
 - Level 2.0 Stealth
 + Level 3.4 Spellcasting
 * Level 6.0 Conjurations
 + Level 5.7 Air Magic


You had 3 spell levels left.
You knew the following spells:

 Your Spells              Type           Power        Failure   Level  Hunger
a - Shock                 Conj/Air       ###.         1%          1    None
b - Static Discharge      Conj/Air       ###.....     4%          3    ###....
c - Airstrike             Air            ###.......   16%         4    ####...

Your spell library contained the following spells:

 Spells                   Type           Power        Failure   Level  Hunger
 Swiftness                Chrm/Air       ##......     8%          2    ##.....
 Lightning Bolt           Conj/Air       ###.......   38%         5    ######.


Dungeon Overview and Level Annotations

Branches:
Dungeon (4/15)
 Temple: D:4-7

Altars:


Innate Abilities, Weirdness & Mutations

You have a beak for a mouth.
You have claws for feet.
You can fly continuously.


Message History

You butcher the adder corpse.
There isn't anything to butcher here.
Eat one of 2 chunks of flesh? (ye/n/q)
You eat one of the 2 chunks of flesh.
This raw flesh tastes terrible.
You are feeling very hungry.
There is a lethal amount of poison in your body!
There is a lethal amount of poison in your body!
There is a lethal amount of poison in your body!
You aren't carrying any potions.
Okay, then.
Okay, then.
As you read the scroll of teleportation, it crumbles to dust.
You feel strangely unstable.
* * * LOW HITPOINT WARNING * * *
You feel sick.
There is a stone staircase leading down here.
You fly downwards.
* * * LOW HITPOINT WARNING * * *
You feel sick. The phantom hits you.
You die...

## ### #. #...
.. ..#.##.
.......###
#......##
##....h..##
#....†@...#
#....[W†..#
#....)†...#
#.........#
#.........#
#............
...........##.
...........# #
##..........


You could see a phantom and a howler monkey.

Vanquished Creatures
  A sky beast (D:3)
  An orc priest (D:3)
  An iguana (D:3)
  4 gnolls (D:3)
  6 adders
  An ooze (D:2)
  A worm (D:2)
  4 leopard geckos
  9 orcs
  4 bats
  A giant cockroach (D:4)
  7 goblins
  4 hobgoblins
  5 jackals (D:3)
  2 quokkas (D:3)
  5 frilled lizards
  9 kobolds
  7 rats
72 creatures vanquished.

Notes
Turn   | Place    | Note
-------+----------+-------------------------------------------
     0 | D:1      | kae the Tengu Air Elementalist began the quest for the Orb.
     0 | D:1      | Reached XP level 1. HP: 10/10 MP: 4/4
   249 | D:1      | Reached skill level 2 in Conjurations
   330 | D:1      | Reached XP level 2. HP: 14/15 MP: 3/6
  1628 | D:2      | Reached XP level 3. HP: 10/19 MP: 0/7
  1786 | D:2      | Reached skill level 3 in Conjurations
  2061 | D:2      | Reached XP level 4. HP: 24/24 MP: 8/8
  2938 | D:3      | Reached skill level 4 in Conjurations
  3247 | D:3      | Noticed a sky beast
  3253 | D:3      | Learned a level 3 spell: Static Discharge
  3258 | D:3      | Learned a level 4 spell: Airstrike
  3432 | D:3      | Found a faded altar of an unknown god.
  3496 | D:3      | Reached skill level 5 in Air Magic
  3496 | D:3      | Gained mutation: You can fly continuously. [Tengu growth]
  3496 | D:3      | Reached XP level 5. HP: 25/28 MP: 6/10
  3761 | D:3      | Reached skill level 5 in Conjurations
  4422 | D:3      | Killed a sky beast
  4422 | D:3      | Reached XP level 6. HP: 16/32 MP: 2/12
  4623 | D:4      | Noticed a phantom
  4626 | D:4      | Reached skill level 6 in Conjurations
  4642 | D:4      | Slain by a phantom

Levels and vault maps discovered:
D:1:      psy_arrival_radial01, layout_basic
D:2:      layout_basic
D:3:      layout_loops_ring, chequers_ecumenical_altar_island
D:4:      lemuel_castle_with_subvaults [lemuel_castle_interior_carwin_3],
          layout_rooms, first_ration, uniq_eustachio

Skill      XL: |  1  2  3  4  5  6 |
---------------+-------------------+-----
Conjurations   | 2 3 4 5 6 |  6.0
Air Magic      | 5 |  5.7
Spellcasting   | 3 |  3.4
Dodging        | |  2.1
Stealth        | |  2.0

Action                   |  1- 3 |  4- 6 || total
-------------------------+-------+-------++-------
Melee: Unarmed           |    15 |       ||    15
       Hand axe          |    36 |    37 ||    73
       Peck              |     4 |     1 ||     5
       Kick              |     6 |     8 ||    14
 Cast: Shock             |    55 |    73 ||   128
       Airstrike         |       |     2 ||     2
       Static Discharge  |       |     3 ||     3
 Abil: Fly               |       |     1 ||     1
  Use: Scroll            |     4 |     5 ||     9
       Potion            |     2 |     1 ||     3
 Stab: Sleeping          |     2 |       ||     2
  Eat: Chunk             |     4 |     5 ||     9
       Ration            |       |     1 ||     1
Armor: Robe              |     5 |     8 ||    13
Dodge: Dodged            |    60 |    55 ||   115

Table legend:
 A = Non-vault XP
 B = Vault XP
 C = Vault XP percentage of total XP
 D = Non-vault monster count
 E = Vault monster count
 F = Vault count percentage of total count
                 A         B        C        D         E       F
            +---------+---------+-------+---------+---------+-------
      Total |     461 |       0 |   0.0 |      72 |       0 |   0.0
            +---------+---------+-------+---------+---------+-------
        D:1 |      33 |       0 |   0.0 |      19 |       0 |   0.0
        D:2 |      62 |       0 |   0.0 |      20 |       0 |   0.0
        D:3 |     354 |       0 |   0.0 |      28 |       0 |   0.0
        D:4 |      12 |       0 |   0.0 |       5 |       0 |   0.0
            +---------+---------+-------+---------+---------+-------
